AoeStats
← 联通专业户

Yucatan

510306595Analyzed
4v4 RM · 1d ago on Sep 30, 2026· 25m 55s· 8 players
Game mode
Random Map
Map size
Large (8 player)
Population
200
Speed
Normal
Resources
Standard
Victory
Conquest
Starting age
Dark Age
Ending age
Imperial Age
RankedLock teamsTeams togetherTeam positionsShared explorationLock speedFull tech treeHidden civsTurbo modeCheats
Victory
Defeat
🇪🇸 Khmer · Spain
1118
+15
🇩🇪 Malay · Germany
1085
+16
🇧🇾 Armenians · Belarus
1082
+16
🇦🇹 Wei · Austria
1080
+16
🇨🇳 Franks · China
1118
-17
🇨🇳 Khmer · China
1115
-17
🇨🇳 Persians · China
1094
-16
🇨🇳 Chinese · China
1015
-13
Mr.MoneyBoy
7:14 Loom
9:40 Feudal Age
10:12 Double-Bit Axe
10:09 Horse Collar
11:33 Gold Mining
11:33 Stone Mining
14:08 Wheelbarrow
16:21 Town Watch
19:12 Castle Age
20:34 Bow Saw
21:01 Gold Shaft Mining
21:02 Stone Shaft Mining
20:28 Heavy Plow
22:07 Hand Cart
Wospenzukh
9:02 Loom
12:28 Feudal Age
17:26 Castle Age
15:27 Town Watch
15:46 Double-Bit Axe
16:57 Stone Mining
16:58 Gold Mining
16:51 Horse Collar
18:40 Bow Saw
18:33 Heavy Plow
21:04 Gold Shaft Mining
AkNeyls
11:24 Feudal Age
14:24 Castle Age
12:53 Forging
13:23 Stone Mining
13:24 Gold Mining
13:29 Double-Bit Axe
13:45 Loom
19:39 Arson
19:55 Squires
26:10 Iron Casting
Naua
8:58 Loom
12:14 Feudal Age
12:56 Double-Bit Axe
12:54 Horse Collar
14:42 Wheelbarrow
22:18 Castle Age
20:23 Stone Mining
22:05 Fletching
23:17 Husbandry
23:27 Bloodlines
23:59 Bloodlines
25:01 Scale Barding Armor
26:05 Heavy Plow
zack
11:10 Feudal Age
16:36 Castle Age
15:00 Double-Bit Axe
17:16 Stone Mining
19:22 Bow Saw
21:52 Sanctity
联通专业户
0:27 Loom
10:01 Feudal Age
12:58 Double-Bit Axe
13:06 Gold Mining
16:05 Castle Age
15:35 Stone Mining
15:29 Horse Collar
16:04 Bloodlines
17:18 Wheelbarrow
16:34 Pikeman
17:28 Fletching
18:42 Hand Cart
Longlonglong
13:28 Feudal Age
17:23 Castle Age
19:34 Double-Bit Axe
22:11 Horse Collar
24:49 Bow Saw
24:42 Heavy Plow
saneglsngosglgeisn
13:44 Feudal Age
15:34 Double-Bit Axe
15:31 Horse Collar
18:37 Castle Age
16:40 Loom
21:05 Bow Saw
21:55 Heavy Plow
Connection lost

Rejoining the realm…

Still unreachable

The connection could not be restored.

Session expired

The server has moved on; the page needs a fresh start.